 Dungeon Crawl Stone Soup version 0.22.1 (webtiles) character file.

20749 suicidejoker the Fighter (level 12, 0/105 HPs)
             Began as a Demonspawn Chaos Knight on Sept 19, 2018.
             Was an Initiate of Gozag.
             Slain by an orc warrior
             ... wielding a +2 long sword of holy wrath
              (8 damage)
             ... on level 14 of the Dungeon.
             The game lasted 00:53:26 (12691 turns).

suicidejoker the Fighter (Demonspawn Chaos Knight) Turns: 12691, Time: 00:53:28

Health: 0/105      AC:  9    Str: 16    XL:     12   Next: 48%
Magic:  9/12       EV: 13    Int: 14    God:    Gozag
Gold:   926        SH:  0    Dex: 14    Spells: 10/11 levels left

rFire    . . .     SeeInvis +   x - +0 triple sword
rCold    . . .     Gourm    .   (shield currently unavailable)
rNeg     + . .     Faith    .   C - +6 chain mail of Untold Secrets {rN+}
rPois    .         Spirit   .   (helmet restricted)
rElec    .         Reflect  .   (no cloak)
rCorr    .         Harm     .   y - +0 pair of gloves
MR       .....     Rnd*Tele +   (no boots)
Stlth    ..........             n - amulet of regeneration
HPRegen  0.67/turn              J - ring of see invisible
MPRegen  0.13/turn              k - +6 ring of evasion

@: corroded
A: horns 1, talons 2, icy blue scales 2, blink, demonic guardian 2, teleportitis
1, evolution 1, MP-powered wands
a: Blink, Potion Petition, Call Merchant, Bribe Branch, Renounce Religion


You were on level 14 of the Dungeon.
You worshipped Gozag.
Gozag was pleased with you.
You were near starving.

You visited 2 branches of the dungeon, and saw 16 of its levels.

You collected 3245 gold pieces.
You spent 1861 gold pieces at shops.
You paid 458 gold pieces to Gozag.

Inventory:

Hand Weapons
 a - a +6 battleaxe
 x - a +0 triple sword (weapon)
 I - a +3 hunting sling of freezing
 M - a +2 scimitar
 O - a +0 arbalest
Missiles
 o - 3 silver tomahawks (quivered)
 v - 7 tomahawks of dispersal
 D - a throwing net
 H - 4 tomahawks of returning
 P - 91 bolts
Armour
 u - a cursed +0 pair of boots
 y - a +0 pair of gloves (worn)
 A - a +0 helmet of intelligence
 C - the +6 chain mail of Untold Secrets (worn) {rN+}
   (You found it on level 8 of the Dungeon)

   It protects you from negative energy.
 F - the +3 scale mail of the Solstice {rF+ Dex+4}
   (You bought it in a shop on level 9 of the Dungeon)

   It affects your dexterity (+4).
   It protects you from fire.
 G - a +1 shield of resistance
 L - the +1 plate armour "Forasm" {rPois rC- Int+3 Dex+2}
   (You bought it in a shop on level 9 of the Dungeon)

   It affects your intelligence (+3).
   It affects your dexterity (+2).
   It makes you vulnerable to cold.
   It protects you from poison.
Jewellery
 e - an uncursed ring of poison resistance
 g - an uncursed amulet of guardian spirit
 h - an uncursed ring of wizardry
 k - a +6 ring of evasion (right hand)
 m - an uncursed ring of wizardry
 n - an amulet of regeneration (around neck)
 J - a ring of see invisible (left hand)
 K - an uncursed ring of positive energy
 T - an uncursed amulet of the acrobat {unknown}
Wands
 b - a wand of digging (16)
 w - a wand of flame (6)
 B - a wand of disintegration (7)
Scrolls
 d - 9 scrolls of remove curse
 f - 4 scrolls of identify
 i - a scroll of random uselessness
 j - 3 scrolls of magic mapping
 l - 3 scrolls of amnesia
 p - a scroll of immolation
 q - a scroll of teleportation
 N - a scroll of fog {unknown}
 R - a scroll of vulnerability {unknown}
 S - a scroll of fear
Potions
 r - 3 potions of flight
 t - 2 potions of degeneration
 z - 2 potions of haste
 E - a potion of berserk rage
 U - a potion of agility
Miscellaneous
 Q - a crystal ball of energy
Comestibles
 c - 27 rations


   Skills:
 * Level 13.2 Fighting
 * Level 12.3 Long Blades
 + Level 8.9 Armour
 - Level 0.8 Dodging


You had 10 spell levels left.
You knew the following spells:

 Your Spells              Type           Power        Failure   Level  Hunger
a - Magic Dart            Conj           #...         98%         1    ##.....

Your spell library contained the following spells:

 Spells                   Type           Power        Failure   Level  Hunger
 Corona                   Hex            #......      98%         1    ##.....
 Flame Tongue             Conj/Fire      #....        98%         1    ##.....
 Sting                    Conj/Pois      #...         98%         1    ##.....
 Blink                    Tloc           N/A          99%         2    ###....
 Call Imp                 Summ           #.......     99%         2    ###....
 Ensorcelled Hibernation  Hex/Ice        #.....       99%         2    ###....
 Poisonous Vapours        Pois/Air       #.....       99%         2    ###....
 Slow                     Hex            #.......     99%         2    ###....
 Throw Flame              Conj/Fire      #.....       99%         2    ###....
 Confuse                  Hex            #.......     100%        3    ####...
 Conjure Flame            Conj/Fire      #.......     100%        3    ####...
 Dazzling Spray           Conj/Hex       #.....       100%        3    ####...
 Inner Flame              Hex/Fire       #.......     100%        3    ####...
 Mephitic Cloud           Conj/Pois/Air  #.......     100%        3    ####...
 Tukima's Dance           Hex            #.......     100%        3    ####...
 Cause Fear               Hex            #.........   100%        4    #####..
 Olgreb's Toxic Radiance  Pois           #.......     100%        4    #####..
 Sticky Flame             Conj/Fire      #.......     100%        4    #####..
 Fireball                 Conj/Fire      #.........   100%        5    ######.
 Silence                  Hex/Air        #.........   100%        5    ######.
 Venom Bolt               Conj/Pois      #.........   100%        5    ######.
 Yara's Violent Unravell  Hex/Tmut       #.........   100%        5    ######.
 Deflect Missiles         Chrm/Air       #.........   100%        6    #######
 Discord                  Hex            #.........   100%        8    #######


Dungeon Overview and Level Annotations

Branches:
Dungeon (15/15)            Temple (1/1) D:4            Lair (0/6) D:9
    Orc (0/2) D:12         Vaults (0/5) D:14         Depths (0/5) D:15

Altars:
Ashenzari
Cheibriados
Fedhas
Gozag
Kikubaaqudgha
Makhleb
Nemelex Xobeh
Qazlal
Ru
Sif Muna
Trog
Uskayaw
Wu Jian
Xom
Yredelemnul
Zin
The Shining One

Shops:
D:4 (   D:5 *   D:7 %   D:8 :   D:9 [

Portals:
Trove: D:10 (give horn of Geryon)

Annotations:
D:3 2 transporters, Cheops's ghost, amateur MfGl
D:9 2 transporters, Fuodd's ghost, journeyman MiFi
D:13 Maurice
D:14 Urug


Innate Abilities, Weirdness & Mutations

You have razor-sharp toenails.
You are mostly covered in icy blue scales. (AC +3)
A demonic guardian rushes to your aid.
You have a pair of small horns on your head.
You can translocate small distances at will.
You are occasionally teleported next to monsters.
You evolve.
You expend magic power (3 MP) to strengthen your wands.


Message History

The orc warrior is severely wounded.
The orc wizard mumbles some strange words.
The orc wizard seems to speed up.
The orc warrior hits you with a long sword of holy wrath!
You convulse!!
* * * LOW HITPOINT WARNING * * *
Evoke which item? (* to show all) (? for menu, Esc to quit)
Aiming: Disintegrate
Press: ? - help, Shift-Dir - straight line, f - orc warrior
Aim: an orc warrior, wielding a long sword of holy wrath and wearing a plate The orc warrior struggles to resist.
You feel a surge of power!
The orc warrior hits you but does no damage.
You feel better.
The orc wizard casts a spell.
The orc wizard flickers and vanishes for a moment.
The orc warrior hits you with a long sword of holy wrath!!
* * * LOW HITPOINT WARNING * * *
You convulse!
You die...
Your body crumbles into a pile of gold.

.[....o....
##...o.o... #.#
#.# #.## ...#
#..# #..#
#.######..####.#
#.....@oo.....(.
########..####.#
#...# #.#.#
#>#.# #.#.#
#.#.# #.#..
#.###


You could see an orc warrior and an orc wizard (invisible).

Vanquished Creatures
  2 fire dragons (D:15)
  2 two-headed ogres
  2 unseen horrors (D:11)
  A manticore (D:13)
  2 ugly things
  A cyclops (D:12)
  2 centaur skeletons
  A gargoyle (D:15)
  3 yaktaurs
  A komodo dragon (D:12)
  A tengu conjurer (D:15)
  A troll (D:9)
  2 hippogriffs
  A spriggan (D:9)
  2 yaks (D:9)
  2 hungry ghosts
  A human (D:15)
  An acid dragon (D:14)
  3 orc warriors
  3 ice beasts
  A sky beast (D:10)
  5 phantoms
  5 ogres
  A centaur (D:8)
  A crocodile (D:15)
  A big kobold (D:7)
  10 bullfrogs
  3 scorpions
  15 killer bees
  3 howler monkeys
  4 wights (D:11)
  4 crimson imps
  5 jellies
  2 bullfrog zombies (D:11)
  4 bullfrog skeletons
  3 centaur zombies
  3 hounds
  5 orc priests
  6 iguanas
  11 orc wizards
  7 worker ants
  5 ogre zombies (D:12)
  2 hound zombies
  3 hound skeletons
  A howler monkey zombie (D:9)
  A worker ant zombie (D:5)
  4 gnolls (D:6)
  8 adders
  A howler monkey skeleton (D:7)
  5 shadow imps
  An ooze (D:5)
  2 adder skeletons (D:8)
  A worm (D:3)
  A dart slug (D:3)
  4 leopard geckos
  41 orcs
  An orc (shapeshifter) (D:2)
  8 bats
  7 giant cockroaches
  5 goblins
  10 hobgoblins
  11 jackals
  9 kobolds
  5 quokkas
  A ball python (D:3)
  A frilled lizard (shapeshifter) (D:9)
  8 frilled lizards
  A goblin skeleton (D:12)
  3 goblin zombies (D:12)
  A hobgoblin skeleton (D:12)
  A leopard gecko zombie (D:5)
  An orc skeleton (D:12)
  9 orc zombies (D:12)
  A quokka zombie (D:9)
  9 rats
305 creatures vanquished.

Vanquished Creatures (collateral kills)
  7 two-headed ogres
  An ogre mage (D:15)
  An unseen horror (D:15)
  6 ugly things
  Joseph (D:7)
  A centaur zombie (D:10)
  2 yaktaurs (D:15)
  A komodo dragon (D:9)
  A troll (D:10)
  A hornet (D:11)
  A hippogriff (D:15)
  3 yaks
  A wyvern (D:8)
  A human (D:15)
  5 orc warriors
  3 ogres
  2 eyes of draining
  A centaur (D:5)
  A gnoll sergeant (D:5)
  7 killer bees
  A troll zombie (D:12)
  A crimson imp (D:13)
  2 hounds
  4 orc wizards
  An orc priest (D:8)
  A centaur skeleton (D:5)
  A jelly (D:8)
  A worker ant (D:5)
  2 adders
  3 gnolls (D:5)
  A shadow imp (D:12)
  A leopard gecko (D:9)
  16 orcs
  4 jackals
  A quokka (D:8)
  A goblin skeleton (D:12)
  A hobgoblin skeleton (D:12)
  2 orc zombies (D:12)
91 creatures vanquished.

Vanquished Creatures (others)
  A slime creature (D:14)
  A phantom (D:9)
  An orc wizard (D:11)
  38 plants (D:9)
41 creatures vanquished.

Grand Total: 437 creatures vanquished

Notes
Turn   | Place    | Note
-------+----------+-------------------------------------------
     0 | D:1      | suicidejoker the Demonspawn Chaos Knight began the quest
                  | for the Orb.
     0 | D:1      | Reached XP level 1. HP: 18/18 MP: 1/1
   100 | D:1      | Gained mutation: A weak demonic guardian rushes to your
                  | aid. [demonic ancestry]
   100 | D:1      | Reached XP level 2. HP: 24/24 MP: 2/2
   115 | D:1      | XOM: divination: detect items
   228 | D:1      | Gained mutation: You have sharp toenails. [demonic
                  | ancestry]
   228 | D:1      | Reached XP level 3. HP: 18/29 MP: 3/3
   410 | D:1      | XOM: silly message
   520 | D:1      | XOM: god gift: 33 gold pieces
   951 | D:2      | Gained mutation: You are partially covered in icy blue
                  | scales. (AC +2) [demonic ancestry]
   951 | D:2      | Reached XP level 4. HP: 32/37 MP: 4/4
  1032 | D:2      | Found a deep blue altar of Sif Muna.
  1257 | D:3      | Reached skill level 4 in Fighting
  1306 | D:3      | Found a transporter.
  1309 | D:3      | Found a transporter.
  1310 | D:3      | Noticed Cheops's ghost (amateur MfGl)
  1462 | D:3      | Found a hide-covered altar of Uskayaw.
  1544 | D:3      | Noticed an ogre
  1568 | D:3      | Noticed an ogre
  1747 | D:3      | XOM: give mutations
  1747 | D:3      | Gained mutation: You possess an exceptional clarity of
                  | mind. [Xom's grace]
  1747 | D:3      | Gained mutation: You evolve. [Xom's grace]
  1747 | D:3      | Gained mutation: Your mind is acute. (Int +2) [Xom's grace]
  1803 | D:3      | XOM: scenery: create altars
  2027 | D:4      | Reached XP level 5. HP: 43/43 MP: 5/5
  2086 | D:4      | XOM: divination: detect items
  2096 | D:4      | XOM: scenery: create altars
  2111 | D:4      | Found a staircase to the Ecumenical Temple.
  2147 | D:4      | XOM: enchant monster (good)
  2216 | D:4      | XOM: harmless Tloc miscast
  2272 | D:4      | Found Ireur's Weapon Boutique.
  2710 | D:4      | XOM: noise
  2715 | Temple   | Entered the Ecumenical Temple
  2723 | Temple   | Fell from the grace of Xom
  2723 | Temple   | Became a worshipper of Gozag Ym Sagoz the Greedy
  2758 | D:5      | Entered Level 5 of the Dungeon
  2758 | D:5      | Found Gosh's Elemental Accessories.
  2801 | D:5      | Noticed an ice beast
  2803 | D:5      | Gained mutation: A demonic guardian rushes to your aid.
                  | [demonic ancestry]
  2803 | D:5      | Reached XP level 6. HP: 33/50 MP: 6/6
  2810 | D:5      | Learned a level 1 spell: Magic Dart
  2818 | D:5      | Killed an ice beast
  2818 | D:5      | Reached skill level 5 in Fighting
  2820 | D:5      | XOM: summons 4 hostile demons
  2870 | D:5      | Found a snail-covered altar of Cheibriados.
  2872 | D:5      | Found an iron altar of Okawaru.
  2872 | D:5      | Found a blossoming altar of Fedhas.
  2874 | D:5      | Found a shimmering altar of Xom.
  2874 | D:5      | Found a sacrificial altar of Ru.
  2874 | D:5      | Found a glowing silver altar of Zin.
  2902 | D:5      | Reached skill level 5 in Long Blades
  2906 | D:5      | Gained mutation: You are mostly covered in icy blue scales.
                  | (AC +3) [demonic ancestry]
  2906 | D:5      | Reached XP level 7. HP: 55/56 MP: 7/7
  2934 | D:5      | Lost mutation: You possess an exceptional clarity of mind.
                  | [evolution]
  2980 | D:5      | Found a basalt altar of Yredelemnul.
  3422 | D:5      | XOM: mild Chrm miscast
  3473 | D:5      | Reached skill level 6 in Fighting
  4004 | D:6      | Reached XP level 8. HP: 65/65 MP: 8/8
  4133 | D:6      | XOM: give mutation
  4133 | D:6      | Gained mutation: Armour fits poorly on your strangely
                  | shaped body. [Xom's mischief]
  4318 | D:6      | XOM: summons 4 hostile shadow creatures
  4338 | D:6      | XOM: noise
  4395 | D:6      | Found a basalt altar of Yredelemnul.
  4398 | D:6      | Found a snail-covered altar of Cheibriados.
  4534 | D:7      | Reached skill level 7 in Fighting
  4584 | D:7      | Found an ornate altar of the Wu Jian Council.
  4584 | D:7      | Found a blossoming altar of Fedhas.
  4627 | D:7      | Noticed Joseph
  4631 | D:7      | Found a stormy altar of Qazlal.
  4637 | D:7      | Killed Joseph
  4687 | D:7      | Found Bereliv's Food Boutique.
  4822 | D:7      | Bought a ration for 55 gold pieces
  4822 | D:7      | Bought a ration for 55 gold pieces
  4822 | D:7      | Bought a ration for 55 gold pieces
  4822 | D:7      | Bought a ration for 55 gold pieces
  4822 | D:7      | Bought a ration for 55 gold pieces
  4822 | D:7      | Bought a ration for 55 gold pieces
  4822 | D:7      | Bought a ration for 55 gold pieces
  4822 | D:7      | Bought a ration for 55 gold pieces
  4822 | D:7      | Bought a ration for 55 gold pieces
  4822 | D:7      | Bought a ration for 55 gold pieces
  4822 | D:7      | Bought a ration for 55 gold pieces
  4822 | D:7      | Bought a ration for 55 gold pieces
  5095 | D:7      | Found a shattered altar of Ashenzari.
  5106 | D:7      | Found a sparkling altar of Nemelex Xobeh.
  5109 | D:7      | Found a bloodstained altar of Trog.
  5395 | D:7      | Reached skill level 5 in Armour
  5410 | D:7      | Reached skill level 8 in Fighting
  5522 | D:8      | Gained mutation: You have razor-sharp toenails. [demonic
                  | ancestry]
  5522 | D:8      | Reached XP level 9. HP: 71/74 MP: 9/9
  5658 | D:8      | Found Dises's Book Shop.
  5840 | D:8      | XOM: mild Ice miscast
  6322 | D:8      | Got a spiked chain mail
  6333 | D:8      | Identified the +6 chain mail of Untold Secrets {rN+} (You
                  | found it on level 8 of the Dungeon)
  6451 | D:9      | Noticed a two-headed ogre
  6460 | D:9      | Killed a two-headed ogre
  6460 | D:9      | Reached skill level 9 in Fighting
  6534 | D:9      | Noticed a two-headed ogre
  6542 | D:9      | Killed a two-headed ogre
  6663 | D:9      | Noticed a komodo dragon
  6670 | D:9      | Killed a komodo dragon
  6670 | D:9      | Reached XP level 10. HP: 84/84 MP: 10/10
  6757 | D:9      | XOM: stat loss: -1 Str (14/15)
  6839 | D:9      | Found Ziehaupo's Antique Armour Emporium.
  6842 | D:9      | Bought an ichor-stained scale mail for 243 gold pieces
  6842 | D:9      | Bought a glowing shield for 202 gold pieces
  6863 | D:9      | Identified the +3 scale mail of the Solstice {rF+ Dex+4}
                  | (You bought it in a shop on level 9 of the Dungeon)
  7071 | D:9      | Reached skill level 10 in Fighting
  7156 | D:9      | Noticed a two-headed ogre
  7156 | D:9      | Noticed Fuodd's ghost (journeyman MiFi)
  7157 | D:9      | Found a transporter.
  7158 | D:9      | Noticed a two-headed ogre
  7163 | D:9      | XOM: polymorph ice devil -> orange demon
  7186 | D:9      | XOM: give mutations
  7186 | D:9      | Gained mutation: You are frail. (-10% HP) [Xom's mischief]
  7186 | D:9      | Gained mutation: You rapidly evolve. [Xom's mischief]
  7214 | D:9      | Found a transporter.
  7243 | D:9      | Found a staircase to the Lair.
  7541 | D:9      | Found an ancient bone altar of Kikubaaqudgha.
  7541 | D:9      | Found a glowing golden altar of the Shining One.
  7545 | D:9      | XOM: severe Ice miscast
  7646 | D:9      | Lost mutation: You are frail. (-10% HP) [evolution]
  7744 | D:9      | XOM: give mutations
  7744 | D:9      | Gained mutation: Your system is resistant to poisons.
                  | (rPois) [Xom's grace]
  7744 | D:9      | Gained mutation: Your spells are a little harder to cast,
                  | but a little more powerful. [Xom's grace]
  7746 | D:10     | Entered Level 10 of the Dungeon
  8163 | D:10     | Found a portal to a secret trove of treasure.
  8291 | D:11     | Noticed a green ugly thing
  8299 | D:10     | Killed a green ugly thing
  8395 | D:11     | Killed an unseen horror
  8395 | D:11     | Reached skill level 10 in Long Blades
  8468 | D:11     | Noticed a two-headed ogre
  8471 | D:11     | XOM: medium Necr miscast
  8476 | D:11     | Killed a two-headed ogre
  8476 | D:11     | Reached skill level 11 in Fighting
  8501 | D:11     | Reached XP level 11. HP: 67/93 MP: 3/11
  8588 | D:11     | Noticed a two-headed ogre
  8592 | D:11     | Killed a two-headed ogre
  8626 | D:11     | Found a bloodstained altar of Trog.
  8743 | D:11     | You fall through a shaft for 2 floors!
  8743 | D:13     | Noticed a tengu warrior
  8743 | D:13     | Noticed a purple ugly thing
  8746 | D:13     | Noticed a cyan ugly thing
  8754 | D:13     | Noticed Maurice
  8755 | D:13     | Noticed a two-headed ogre
  8959 | D:12     | Found a staircase to the Orcish Mines.
  8974 | D:12     | Noticed a brown ugly thing
  8982 | D:12     | Killed a brown ugly thing
  9164 | D:12     | Noticed a red ugly thing
  9178 | D:12     | Killed a red ugly thing
  9185 | D:12     | Noticed a two-headed ogre
  9198 | D:12     | Killed a two-headed ogre
  9452 | D:12     | XOM: give mutations
  9452 | D:12     | Lost mutation: Your mind is acute. (Int +2) [Xom's
                  | mischief]
  9452 | D:12     | Lost mutation: Your system is resistant to poisons. (rPois)
                  | [Xom's mischief]
  9452 | D:12     | Gained mutation: Your body sometimes deteriorates upon
                  | taking damage. [Xom's mischief]
  9452 | D:12     | Lost mutation: Your spells are a little harder to cast, but
                  | a little more powerful. [Xom's mischief]
  9827 | D:12     | XOM: draining
  9842 | D:12     | Gained mutation: You expend magic power (3 MP) to
                  | strengthen your wands. [evolution]
 10011 | D:12     | XOM: medium Ice miscast
 10147 | D:11     | XOM: give mutations
 10147 | D:11     | Gained mutation: You occasionally shout uncontrollably at
                  | your foes. [Xom's mischief]
 10147 | D:11     | Lost mutation: You rapidly evolve. [Xom's mischief]
 10147 | D:11     | Gained mutation: You are clumsy. (Dex -2) [Xom's mischief]
 10242 | D:11     | Reached skill level 12 in Fighting
 10289 | D:11     | Killed an unseen horror
 10402 | D:11     | XOM: summons 1 hostile shadow creature
 10403 | D:11     | Noticed a green ugly thing
 10489 | D:11     | XOM: give mutations
 10489 | D:11     | Lost mutation: Armour fits poorly on your strangely shaped
                  | body. [Xom's mischief]
 10489 | D:11     | Gained mutation: You are occasionally teleported next to
                  | monsters. [Xom's mischief]
 10497 | D:11     | Lost mutation: You are clumsy. (Dex -2) [potion of
                  | mutation]
 10497 | D:11     | Lost mutation: Your body sometimes deteriorates upon taking
                  | damage. [potion of mutation]
 10497 | D:11     | Lost mutation: You occasionally shout uncontrollably at
                  | your foes. [potion of mutation]
 10497 | D:11     | Gained mutation: You have a pair of small horns on your
                  | head. [potion of mutation]
 10497 | D:11     | Gained mutation: You can translocate small distances at
                  | will. [potion of mutation]
 10577 | D:11     | XOM: medium Tloc miscast
 11066 | D:9      | Bought a smelly plate armour for 756 gold pieces
 11076 | D:9      | Identified the cursed +1 plate armour "Forasm" {rPois rC-
                  | Int+3 Dex+2} (You bought it in a shop on level 9 of the
                  | Dungeon)
 11211 | D:13     | Killed a two-headed ogre
 11213 | D:13     | Noticed a centaur warrior
 11224 | D:14     | Found a gate to the Vaults.
 11224 | D:14     | Noticed a centaur warrior
 11224 | D:14     | Noticed Urug
 11224 | D:14     | Noticed a two-headed ogre
 11224 | D:14     | Noticed a two-headed ogre
 11224 | D:14     | Noticed a centaur warrior
 11228 | D:15     | Entered Level 15 of the Dungeon
 11589 | D:15     | XOM: mild Summ miscast
 11665 | D:15     | Noticed an unseen horror
 11668 | D:15     | Reached XP level 12. HP: 101/103 MP: 12/12
 11858 | D:15     | Was forgiven by Xom
 12213 | D:15     | Noticed a two-headed ogre
 12213 | D:15     | Noticed a two-headed ogre
 12213 | D:15     | Noticed a two-headed ogre
 12214 | D:15     | Noticed an ogre mage
 12219 | D:15     | Killed a two-headed ogre
 12232 | D:15     | Killed a two-headed ogre
 12232 | D:15     | Reached skill level 13 in Fighting
 12235 | D:15     | Killed a two-headed ogre
 12236 | D:15     | Killed an ogre mage
 12374 | D:15     | Noticed a fire dragon
 12384 | D:15     | Killed a fire dragon
 12395 | D:15     | Found a staircase to the Depths.
 12421 | D:15     | Noticed a fire dragon
 12429 | D:15     | Killed a fire dragon
 12691 | D:14     | Slain by an orc warrior

Skill      XL: |  1  2  3  4  5  6  7  8  9 10 11 12 |
---------------+-------------------------------------+-----
Armour         | 2 3 4 5 6 7 8 |  8.9
Long Blades    | 3 4 5 7 8 10 11 12 | 12.3
Fighting       | 4 5 6 8 9 11 12 13 | 13.2
Dodging        | |  0.8

Action                   |  1- 3 |  4- 6 |  7- 9 | 10-12 || total
-------------------------+-------+-------+-------+-------++-------
Melee: Falchion          |   120 |   115 |   418 |   251 ||   904
       Kick              |    10 |    31 |   130 |   202 ||   373
       Triple sword      |       |       |       |   318 ||   318
       Headbutt          |       |       |       |    28 ||    28
       Battleaxe         |       |       |       |     2 ||     2
 Cast: Magic Dart        |       |     2 |       |       ||     2
Invok: Potion Petition   |       |     1 |       |     1 ||     2
Evoke: Wand              |       |       |       |    39 ||    39
  Use: Potion            |       |     4 |       |     7 ||    11
       Scroll            |       |       |       |    22 ||    22
 Stab: Paralysed         |       |     2 |       |     2 ||     4
       Petrified         |       |       |     4 |       ||     4
       Distracted        |       |       |     2 |     5 ||     7
       Petrifying        |       |       |     3 |       ||     3
       Confused          |       |       |     2 |       ||     2
  Eat: Chunk             |       |     4 |       |       ||     4
       Ration            |       |     1 |     3 |     8 ||    12
Armor: Leather armour    |    50 |    33 |    16 |       ||    99
       Plate armour      |       |       |   156 |       ||   156
       Chain mail        |       |       |    44 |   399 ||   443
Dodge: Dodged            |    76 |    82 |   157 |   383 ||   698
Block: Shield            |       |     6 |   146 |    76 ||   228
       Rpst.: Falchion   |    19 |    30 |    47 |    18 ||   114
       Triple sword      |       |       |       |    73 ||    73
